Map: [ESL] Data-C

Players

Has

  • Race: Protoss Protoss
  • Spawn Location: 9:00

Kelazhur - Winner!

  • Race: Terran Terran
  • Spawn Location: 3:00

Event: DreamHack SC2 Masters 2022 Atlanta (Offline)

VOD

Have the link to the VOD?

Description

Time

  • Played on: Nov. 18, 2022, 6:05 p.m.
  • Length: 19:26

All games in this series

Show
View Real Time Build Order
Export as new Build Order

Has Protoss 

Build Orders: 1 Gate Expand, Double Forge 

Get SALT Encoding   

  12  0:00  Probe  
  13  0:12  Probe  
  14  0:17  Pylon  
  14  0:24  Probe (Chrono Boost)  
  16  0:36  Gateway  
  16  0:37  Probe (Chrono Boost)  
  16  0:41  Probe (Chrono Boost)  
  16  0:45  Assimilator  
  17  0:52  Probe  
  18  1:04  Probe  
  19  1:18  Nexus  
  19  1:28  Cybernetics Core  
  19  1:31  Probe  
  20  1:36  Assimilator  
  20  1:43  Probe  
  20  1:46  Pylon  
  21  1:55  Probe  
  22  2:01  Stalker (Chrono Boost)  
  22  2:04  Warp Gate  
  22  2:07  Probe (Chrono Boost)  
  25  2:19  Probe (Chrono Boost)  
  26  2:24  Twilight Council, Probe (Chrono Boost)  
  26  2:32  Probe (Chrono Boost)  
  27  2:37  Probe (Chrono Boost)  
  27  2:43  Stalker  
  27  2:44  Probe (Chrono Boost)  
  30  2:50  Probe (Chrono Boost)  
  30  2:51  Probe (Chrono Boost)  
  32  2:57  Charge (Chrono Boost)  
  33  2:58  Probe  
  33  3:00  Probe  
  34  3:10  Probe  
  35  3:12  Probe  
  35  3:19  Nexus  
  36  3:22  Probe  
  36  3:24  Pylon  
  38  3:33  Gateway  
  38  3:37  Gateway  
  38  3:38  Probe  
  38  3:40  Probe  
  39  3:45  Robotics Facility  
  39  3:50  Probe  
  39  3:52  Stalker  
  39  3:54  Probe  
  43  4:00  Forge  
  44  4:02  Probe  
  44  4:06  Probe  
  45  4:11  Forge  
  45  4:12  Pylon  
  45  4:16  Pylon  
  45  4:17  Probe  
  46  4:30  Probe x2  
  48  4:33  Zealot, Observer (Chrono Boost)  
  48  4:34  Zealot x2  
  48  4:35  Probe  
  48  4:38  Protoss Ground Weapons Level 1 (Chrono Boost), Protoss Ground Armor Level 1 (Chrono Boost)  
  56  4:43  Probe x2  
  57  4:47  Probe  
  58  4:55  Probe x2, Pylon  
  58  4:58  Zealot  
  58  4:59  Probe  
  63  5:05  Gateway  
  63  5:08  Gateway  
  63  5:10  Gateway  
  63  5:11  Probe  
  65  5:21  Zealot x2  
  65  5:23  Zealot  
  65  5:27  Probe  
  67  5:28  Probe  
  63  5:35  Probe  
  61  5:43  Zealot  
  61  5:44  Zealot x2  
  61  5:45  Probe x2  
  61  5:48  Probe  
  69  5:52  Pylon  
  67  5:57  Probe  
  66  6:05  Zealot  
  66  6:06  Zealot x3  
  66  6:10  Pylon  
  73  6:12  Probe x2  
  73  6:14  Probe  
  73  6:17  Warp Prism (Chrono Boost)  
  76  6:23  Observer  
  78  6:26  Shield Battery  
  78  6:30  Zealot x3  
  84  6:32  Probe  
  84  6:33  Probe  
  84  6:35  Observer  
  84  6:38  Zealot, Sentry x2  
  91  6:42  Gateway  
  91  6:44  Pylon  
  91  6:47  Probe  
  91  6:48  Probe x2  
  91  6:52  Zealot  
  91  6:53  Zealot  
  98  6:54  Zealot  
  100  7:02  Probe x2  
  100  7:05  Zealot  
  100  7:06  Zealot x2  
  107  7:10  Pylon  
  107  7:15  Pylon  
  107  7:21  Pylon  
  97  7:34  Zealot  
  97  7:35  Zealot x5  
  95  7:41  Probe x2  
  95  7:42  Probe  
  94  7:54  Robotics Bay  
  94  7:57  Protoss Ground Armor Level 2 (Chrono Boost), Protoss Ground Weapons Level 2 (Chrono Boost)  
  94  7:58  Probe  
  95  7:59  Probe  
  95  8:04  Zealot  
  95  8:05  Zealot x6  
  104  8:26  Observer (Chrono Boost)  
  95  8:28  Zealot  
  95  8:29  Zealot x6  
  109  8:39  Gateway  
  109  8:41  Gateway  
  109  8:42  Nexus  
  109  8:48  Pylon  
  109  8:49  Zealot, Pylon  
  109  8:50  Zealot x6, Observer  
  109  8:54  Probe x2  
  126  8:58  Shield Battery, Photon Cannon  
  125  9:06  Photon Cannon  
  125  9:07  Photon Cannon  
  126  9:10  Probe x2  
  126  9:16  Zealot x3  
  131  9:28  Blink (Chrono Boost)  
  131  9:29  Observer (Chrono Boost)  
  126  9:38  Nexus  
  116  9:45  Stalker  
  116  9:46  Stalker x3  
  116  9:48  Colossus (Chrono Boost), Photon Cannon  
  116  9:50  Shield Battery  
  130  9:53  Probe x2  
  130  10:11  Zealot  
  130  10:12  Zealot x8  
  131  10:32  Colossus (Chrono Boost)  
  131  10:33  Zealot x6  
  122  10:58  Zealot  
  122  10:59  Zealot x4  
  122  11:00  Zealot x4  
  138  11:07  Observer  
  138  11:08  Probe x3  
  143  11:16  Warp Prism (Chrono Boost)  
  139  11:20  Stalker x3  
  139  11:21  Zealot x2  
  139  11:22  Zealot x4  
  139  11:24  Pylon  
  156  11:33  Pylon  
  156  11:34  Pylon  
  135  11:56  Stalker x6  
  135  11:57  Stalker  
  135  11:58  Zealot x2  
  153  12:27  Zealot x5  
  153  12:28  Zealot x4  
  133  12:36  Colossus (Chrono Boost)  
  115  12:50  Zealot x9  
  132  13:02  Nexus, Probe x3  
  132  13:04  Robotics Facility  
  135  13:12  Sentry  
  137  13:13  Zealot x3  
  137  13:14  Zealot x5  
  150  13:22  Observer (Chrono Boost)  
  150  13:23  Gateway x2  
  150  13:24  Probe x3  
  154  13:27  Pylon  
  154  13:29  Pylon  
  154  13:30  Pylon x2  
  154  13:31  Pylon  
  154  13:41  Zealot x9  
  172  13:50  Assimilator x2  
  172  13:51  Disruptor (Chrono Boost)  
  173  14:06  Zealot  
  173  14:08  Zealot x7  
  173  14:09  Zealot  
  121  14:33  Zealot x2  
  121  14:34  Zealot x9  
  115  14:40  Disruptor x2  
  115  14:42  Probe x2  
  114  14:53  Zealot x2  
  114  14:54  Zealot x5  
  112  15:09  Probe x3  
  112  15:10  Probe  
  116  15:17  Zealot x8  
  116  15:18  Zealot x3  
  138  15:21  Probe  
  106  15:44  Zealot x7  
  106  15:45  Zealot x4  
  126  15:58  Colossus x2 (Chrono Boost)  
  138  16:14  Zealot  
  139  16:18  Zealot  
  139  16:22  Zealot x2  
  144  16:29  Nexus  
  140  16:35  Zealot  
  140  16:36  Zealot x7  
  155  16:46  Observer (Chrono Boost)  
  157  16:49  Pylon  
  157  16:50  Nexus  
  157  16:51  Pylon  
  155  16:56  Observer (Chrono Boost)  
  156  17:01  Observer (Chrono Boost)  
  156  17:06  Sentry  
  156  17:08  Stalker  
  142  17:23  Colossus (Chrono Boost)  
  148  17:32  Nexus  
  148  17:35  Pylon  
  148  17:45  Nexus  
  148  17:46  Zealot x5  
  148  17:47  Zealot, Pylon  
  160  17:54  Disruptor (Chrono Boost)  
  163  18:09  Disruptor (Chrono Boost)  
  158  18:24  Stalker x3  
  158  18:25  Zealot x2  
  158  18:26  Zealot x3  
  105  19:08  Zealot x4  
  105  19:09  Zealot x2  
  105  19:10  Cybernetics Core  
Show
View Real Time Build Order
Export as new Build Order

Kelazhur Terran - Winner!

Build Orders:  

Get SALT Encoding   

  12  0:00  SCV  
  13  0:12  SCV  
  14  0:17  Supply Depot  
  14  0:24  SCV  
  15  0:38  SCV  
  15  0:40  Barracks  
  16  0:43  Refinery  
  16  0:50  SCV  
  16  0:52  Refinery  
  17  1:02  SCV  
  18  1:14  SCV  
  19  1:27  Reaper, Orbital Command  
  19  1:28  Supply Depot  
  20  1:41  Factory  
  20  1:52  SCV  
  21  1:59  Barracks Reactor  
  21  2:04  SCV  
  22  2:16  Command Center  
  22  2:17  SCV  
  23  2:29  SCV  
  24  2:31  Starport  
  24  2:38  Marine x2  
  24  2:40  Widow Mine  
  24  2:41  SCV  
  29  2:45  Supply Depot  
  29  2:54  SCV  
  29  2:58  Marine  
  31  3:06  Marine  
  31  3:07  SCV  
  31  3:08  Medivac  
  35  3:15  Factory Tech Lab  
  35  3:16  Marine  
  35  3:19  SCV  
  37  3:24  Marine  
  38  3:30  Orbital Command  
  38  3:31  SCV  
  39  3:41  Factory Tech Lab  
  39  3:43  SCV  
  39  3:46  Marine  
  39  3:47  Marine  
  39  3:48  Raven  
  44  3:50  Orbital Command  
  44  3:52  Barracks  
  44  3:55  SCV  
  45  4:06  Marine  
  45  4:07  Marine  
  47  4:12  Siege Tank  
  47  4:13  SCV  
  51  4:21  SCV  
  52  4:24  Marine x2  
  52  4:30  Supply Depot  
  54  4:32  Command Center  
  54  4:41  SCV x2  
  54  4:45  Starport Reactor  
  54  4:51  Marine x2  
  54  4:52  Siege Tank  
  59  4:53  Supply Depot, SCV  
  59  4:54  SCV  
  59  4:59  Marine  
  62  5:03  Stimpack  
  62  5:06  Barracks  
  62  5:14  Refinery, Marine  
  62  5:15  SCV x2  
  62  5:19  Marine  
  62  5:20  Marine  
  67  5:27  SCV x2  
  68  5:32  Marine  
  66  5:37  Marine x2  
  66  5:39  SCV x2  
  69  5:46  Medivac x2  
  69  5:47  Orbital Command  
  69  5:48  Refinery  
  73  5:50  Marine  
  73  5:51  SCV x2  
  73  5:53  Factory Reactor  
  73  5:55  Engineering Bay  
  76  6:01  Marine  
  76  6:03  SCV x2  
  79  6:09  Supply Depot  
  79  6:12  Marine  
  79  6:13  Combat Shield, Marine  
  79  6:14  Marine  
  79  6:15  SCV x2, Orbital Command  
  84  6:22  Terran Infantry Weapons Level 1  
  84  6:27  SCV  
  84  6:31  SCV, Marine  
  84  6:32  Marauder  
  89  6:34  Supply Depot  
  89  6:35  Marine  
  89  6:36  Marauder  
  89  6:38  Supply Depot  
  89  6:39  SCV  
  93  6:44  Supply Depot  
  93  6:47  Barracks  
  93  6:52  Barracks  
  93  6:55  SCV x3  
  93  6:56  Widow Mine x2  
  93  7:00  Marine x2  
  93  7:01  Concussive Shells, Marauder x2  
  106  7:08  SCV x3  
  109  7:09  Supply Depot  
  109  7:10  Engineering Bay  
  109  7:11  Armory  
  109  7:17  Widow Mine x2  
  109  7:20  SCV  
  109  7:22  Marauder  
  116  7:26  SCV  
  116  7:28  Marauder  
  109  7:34  Marine x2  
  109  7:35  SCV  
  109  7:36  Orbital Command  
  98  7:38  SCV  
  98  7:39  Widow Mine x2  
  98  7:43  Marauder  
  98  7:45  Medivac  
  98  7:49  Marine  
  97  7:52  Marine x4  
  97  7:57  SCV x2  
  103  8:00  Medivac  
  103  8:02  Widow Mine  
  103  8:05  Marauder  
  109  8:07  Marine  
  109  8:09  SCV x2, Marine  
  109  8:10  Marine x3  
  103  8:13  SCV  
  103  8:15  Medivac  
  102  8:21  SCV x2  
  102  8:25  Marine  
  102  8:26  SCV, Marine  
  102  8:30  Viking  
  102  8:32  Terran Infantry Armor Level 1, Terran Infantry Weapons Level 2  
  102  8:33  SCV x2  
  106  8:35  Widow Mine  
  106  8:36  Barracks Reactor  
  106  8:38  Barracks Reactor  
  108  8:42  SCV  
  108  8:45  SCV  
  108  8:47  SCV  
  111  8:49  Marine x3  
  111  8:50  Supply Depot  
  111  8:54  SCV  
  117  8:55  Marauder  
  117  8:57  SCV  
  117  9:00  SCV  
  117  9:02  Medivac x2  
  123  9:06  SCV  
  123  9:08  Ghost Academy  
  125  9:10  SCV  
  125  9:11  Supply Depot  
  125  9:12  SCV, Widow Mine x2, Marauder  
  132  9:20  Marine  
  132  9:23  Marine  
  133  9:25  Marine  
  133  9:27  Marauder  
  133  9:30  Marine  
  133  9:32  SCV x2  
  133  9:33  Marauder  
  133  9:36  Supply Depot  
  131  9:41  SCV  
  131  9:44  Command Center  
  131  9:45  SCV x2  
  134  9:46  Supply Depot  
  134  9:48  Widow Mine x2, Marauder, Marine  
  141  9:56  Marine x2  
  141  9:57  SCV  
  141  9:58  SCV x2  
  144  10:06  Refinery, Marauder, Marine x3  
  149  10:07  Refinery, Marine  
  149  10:10  SCV x2  
  149  10:13  Supply Depot  
  149  10:14  SCV, Marine  
  150  10:15  Marauder  
  147  10:24  Marine  
  147  10:26  Widow Mine  
  147  10:27  SCV x3, Widow Mine  
  152  10:31  Marine  
  152  10:32  Marauder, Marine x2  
  152  10:33  Terran Infantry Armor Level 2  
  155  10:39  SCV x2  
  155  10:41  SCV  
  158  10:44  Marauder, Marine x2  
  158  10:48  Widow Mine x2, Marine  
  158  10:49  Marine  
  153  10:51  SCV x2  
  153  10:54  SCV  
  137  11:02  Terran Infantry Weapons Level 3  
  137  11:03  SCV  
  137  11:04  SCV  
  135  11:06  SCV  
  132  11:15  SCV  
  132  11:16  SCV, Widow Mine x2  
  138  11:19  SCV  
  138  11:24  Medivac x2, Enhanced Shockwaves  
  143  11:27  SCV  
  143  11:28  SCV  
  143  11:29  Planetary Fortress  
  143  11:31  SCV  
  146  11:37  Widow Mine x2  
  146  11:38  Sensor Tower  
  151  11:40  SCV x2, Marauder, Marine x2  
  151  11:41  Marine x3  
  151  11:42  Marine  
  151  11:43  SCV  
  159  11:47  Ghost  
  138  11:54  SCV x2  
  138  11:55  SCV  
  138  11:58  Marine x2  
  138  12:01  Ghost  
  142  12:04  Viking  
  142  12:05  Viking  
  142  12:06  SCV x2, Marine  
  151  12:10  SCV x2  
  153  12:18  SCV  
  153  12:19  Barracks Tech Lab  
  151  12:23  Ghost  
  151  12:29  Ghost  
  133  12:32  Marine  
  133  12:33  Marine x2  
  133  12:34  SCV x2  
  133  12:35  Widow Mine x2  
  133  12:36  Marine  
  115  12:38  Marine  
  115  12:39  SCV  
  112  12:46  SCV x2  
  112  12:50  Marine x2  
  116  12:51  SCV, Ghost  
  116  12:54  Terran Infantry Armor Level 3  
  119  12:59  SCV x2  
  119  13:02  Marine  
  119  13:04  Marauder x2, Marine  
  127  13:07  Marine  
  127  13:12  SCV  
  129  13:14  Orbital Command  
  129  13:17  SCV x2  
  129  13:19  Marine  
  127  13:20  Marine  
  127  13:22  Widow Mine x2  
  127  13:26  SCV  
  134  13:29  SCV x2  
  134  13:30  Viking x2  
  134  13:32  Marauder  
  134  13:33  Marauder x2  
  146  13:38  SCV  
  147  13:41  Marine  
  147  13:42  Sensor Tower, Marine x2  
  147  13:44  Supply Depot  
  150  13:50  SCV x2  
  150  13:53  Missile Turret x2, Marine  
  150  13:54  Marine  
  150  13:55  SCV  
  155  14:00  Supply Depot, SCV  
  155  14:02  SCV, Ghost  
  157  14:03  Marine  
  157  14:05  Marine  
  157  14:06  Marine  
  157  14:07  SCV  
  157  14:08  SCV  
  164  14:14  Marauder  
  145  14:28  Marauder, Marine  
  145  14:30  Marine x2  
  119  14:31  Marine  
  119  14:32  SCV x2, Marauder  
  119  14:36  Marauder  
  119  14:37  Widow Mine  
  116  14:38  SCV x2  
  116  14:44  SCV, Widow Mine  
  116  14:45  SCV, Medivac x2, Marine  
  124  14:48  Marine x2  
  124  14:49  Marine  
  124  14:50  Marauder  
  124  14:52  SCV  
  124  14:53  Marauder  
  124  14:57  SCV, Marine  
  121  15:01  Widow Mine  
  121  15:03  Marine  
  121  15:06  Widow Mine, Marine x2  
  121  15:07  Marine  
  112  15:08  Command Center  
  112  15:11  Marauder  
  112  15:13  SCV x3  
  118  15:14  Marine x2  
  120  15:21  Marine  
  120  15:24  Marine x3  
  123  15:35  Marauder, Marine x2  
  125  15:39  Marine  
  122  15:42  Marine  
  122  15:43  Marine x2  
  122  15:44  SCV x3  
  122  15:46  Widow Mine x2  
  132  15:53  Marauder  
  132  15:55  Marauder  
  132  15:56  Marine  
  135  15:57  Marine  
  135  15:58  SCV x2, Orbital Command  
  135  16:00  Marine  
  139  16:07  Medivac x2, Marine  
  139  16:08  Widow Mine x2, Marine  
  139  16:10  SCV  
  150  16:14  Marine x2  
  152  16:25  Marauder  
  154  16:29  Widow Mine x2  
  154  16:31  Marine x2  
  158  16:33  Marine x2  
  158  16:34  Marauder, Marine  
  163  16:45  Marine  
  164  16:49  Liberator x2, Marine  
  164  16:51  Widow Mine x2  
  172  16:56  Refinery  
  172  16:57  Refinery  
  172  16:59  Command Center  
  172  17:05  Missile Turret  
  172  17:12  Widow Mine x2  
  172  17:23  Planetary Fortress  
  172  17:30  SCV x2  
  172  17:31  SCV  
  172  17:32  Viking x2  
  175  17:41  Marine x2  
  175  17:42  SCV, Marauder, Marine, Ghost x2  
  185  17:47  Barracks  
  185  17:48  Barracks  
  185  17:49  Widow Mine x2  
  185  17:50  Barracks  
  189  17:52  SCV x2  
  189  17:54  SCV  
  192  18:02  Ghost  
  194  18:08  Viking  
  194  18:10  Viking  
  194  18:11  Marauder  
  200  18:14  Widow Mine x2  
  199  18:37  Command Center  
  192  18:54  Marauder, Marine x2  
  192  18:55  Viking x2, Marauder, Marine  
  146  18:57  Marine x5  
Tags
 
Add a new tag
Caveats
  • Supply blocks, unpowered buildings, or Contaminate may cause inaccurate times.
  • Supply counts are checked every 10 seconds.